 Seeded DCSS version 0.27-a0-869-g165b36e3f0 (webtiles) character file.

Game seed: 20210329 (custom seed)

5195 muata the Fighter (level 10, -12/81 HPs)
             Began as a Djinni Fire Elementalist on Mar 29, 2021.
             Killed by divine providence
             ... invoked by an orc priest
              (14 damage)
             ... on level 9 of the Dungeon on Apr 2, 2021.
             The game lasted 00:54:50 (8809 turns).

muata the Fighter (Djinni Fire Elementalist)        Turns: 8809, Time: 00:54:50

Health: -12/81     AC:  4    Str:  8    XL:     10   Next: 60%
Gold:   498        EV: 16    Int: 18    God:
                   SH:  0    Dex: 15

rFire    + + .     SeeInvis .   g - +3 dagger (venom)
rCold    x . .     Faith    .   (no shield)
rNeg     . . .     Spirit   .   a - +0 robe
rPois    ∞         Reflect  .   (no helmet)
rElec    .         Harm     .   s - +0 cloak
rCorr    .         Rampage  .   h - +0 pair of gloves
Will     ++...                  (boots unavailable)
Stlth    ++........             l - amulet of regeneration
HPRegen  1.23/turn              t - ring of willpower
MPRegen  0.00/turn              (no ring)

@: flying
A: fire resistance 2, cold vulnerability 1, float, innate caster, hp casting,
extra vitality 1
a: no special abilities


You were on level 9 of the Dungeon.
You visited 1 branch of the dungeon, and saw 9 of its levels.

You collected 498 gold pieces.

Inventory:

Hand Weapons
 b - a +0 club
 g - a +3 dagger of venom (weapon)
 H - a +2 quarterstaff of chaos
Missiles
 d - a throwing net
 F - 6 atropa-tipped darts
 G - 33 poisoned darts (quivered)
Armour
 a - a +0 robe (worn)
 h - a +0 pair of gloves (worn)
 m - the +1 plate armour of Light {rPois rC+++ MP-9 Int+4}
   (You found it on level 8 of the Dungeon)

   It affects your intelligence (+4).
   It renders you almost immune to cold.
   It protects you from poison.
   It affects your magic capacity (-9).
 s - a +0 cloak (worn)
Jewellery
 c - an amulet of the acrobat
 e - a ring of positive energy
 l - an amulet of regeneration (around neck)
 p - an amulet of guardian spirit
 t - a ring of willpower (left hand)
 D - a ring of magical power
Wands
 I - a wand of flame (19)
Scrolls
 i - 2 scrolls of vulnerability
 k - 2 scrolls of teleportation
 n - 4 scrolls of identify
 r - 2 scrolls of enchant weapon {unknown}
 u - 2 scrolls of amnesia {unknown}
 v - a scroll of magic mapping
 y - a scroll of fear {unknown}
 C - a scroll of fog {unknown}
Potions
 f - 2 potions of berserk rage {unknown}
 j - 2 potions of cancellation
 o - 2 potions of mutation
 q - a potion of resistance {unknown}
 w - a potion of curing {unknown}
 x - a potion of ambrosia
 z - 2 potions of haste
 A - a potion of magic {unknown}
 B - a potion of lignification {unknown}
 E - 2 potions of brilliance {unknown}


   Skills:
 - Level 10.9 Fighting
 - Level 8.4 Dodging
 - Level 1.5 Stealth
 + Level 7.1 Spellcasting


You couldn't memorise any spells.
You knew the following spells:

 Your Spells              Type           Power      Damage    Failure   Level
a - Foxfire               Conj/Fire      100%       2x1d9     1%          1
b - Conjure Flame         Conj/Fire      32%        6-21      1%          3
c - Inner Flame           Hex/Fire       32%        N/A       1%          3
d - Sticky Flame          Conj/Fire      32%        2d5       5%          4
e - Fireball              Conj/Fire      16%        3d8       16%         5
f - Corona                Hex            35%        N/A       1%          1
g - Ensorcelled Hibernat  Hex/Ice        64%        N/A       1%          2
h - Ignite Poison         Fire/Tmut/Pois 32%        N/A       1%          3
i - Static Discharge      Conj/Air       32%        N/A       1%          3
Your spell library was empty.

Dungeon Overview and Level Annotations

Branches:
Dungeon (9/15)             Temple (0/1) D:6             Orc (0/2) D:9
   Lair: D:8-11

Altars:
Nemelex Xobeh

Shops:
D:1 (

Annotations:
D:3 1 runed translucent door, leviel's ghost, amateur GrFi


Innate Abilities, Weirdness & Mutations

You are immune to poison.
Your flesh is very heat resistant. (rF++)
You are vulnerable to cold. (rC-)
You float through the air rather than walking.
You learn spells naturally, not from books.
Your magical power is your life essence.
You have superior vitality. (+4 HP)


Message History

The fire ignites!
You are engulfed in blazing flames.
You resist.
The warg stops to sniff the ground.
The warg misses you.
The warg is engulfed in blazing flames.
You hit the warg.
The warg is moderately wounded.
The warg bites you!
You hit the warg but do no damage.
The warg is poisoned.
The warg is moderately wounded.
The warg bites you. The warg barely misses you.
You hit the warg but do no damage.
The warg looks as sick as possible!
The warg is moderately wounded.
The warg barely misses you.
Your magical contamination has completely faded away.
You hit the warg.
The warg is heavily wounded.
The orc wizard casts a spell at itself.
The orc wizard flickers and vanishes!
Deactivating autopickup; reactivate with Ctrl-A.
The warg closely misses you.
You hit the warg but do no damage.
The warg looks as sick as possible!
The warg is severely wounded.
The warg bites you!
* * * LOW HITPOINT WARNING * * *
You hit the warg.
The warg looks as sick as possible!
The warg is severely wounded.
The warg closely misses you. The warg bites you!
* * * LOW HITPOINT WARNING * * *
You closely miss the warg.
The warg is almost dead.
You kill the warg!
The centaur wields a +0 shortbow.
The centaur shoots an arrow.
The arrow hits you!
* * * LOW HITPOINT WARNING * * *
The centaur shoots an arrow.
The arrow hits you.
* * * LOW HITPOINT WARNING * * *
The centaur shoots an arrow.
The arrow barely misses you.
The orc priest calls down the wrath of Beogh upon you.
Beogh smites you!
You die...

#......# #....# #......#
#....# #......#######
#....# #........<...#
#....# #............#
######....#
######.......#
#........## #.......#
#....≈...##+
##......######{..PP≈..#..
#......@..†§co..≈.≈..'..
+......######...≈.≈..#.§
#.###### ####...####. #.
##### . .. . ### . . .


You could see a centaur and an orc priest.

Vanquished Creatures
  A two-headed ogre (D:8)
  Grinder (D:6)
  A steam dragon (D:8)
  11 yaks
  Eustachio (D:4)
  Menkaure (D:4)
  A warg (D:9)
  An ice beast (D:8)
  2 black bears
  A hornet zombie (D:7)
  2 necrophages
  A centaur (D:7)
  2 phantoms
  A bullfrog (D:6)
  2 scorpions
  A water moccasin zombie (D:6)
  4 killer bees (D:8)
  3 wights (D:7)
  3 howler monkeys (D:8)
  A bullfrog zombie (D:5)
  2 centaur zombies
  5 orc priests
  A hound (D:5)
  2 jellies
  Crazy Yiuf (D:7)
  2 bullfrog skeletons
  2 centaur skeletons
  A gnoll shaman (D:7)
  5 iguanas
  An orc wizard (D:8)
  2 howler monkey zombies (D:7)
  6 gnolls
  7 adders
  A shadow imp (D:6)
  2 white imps
  An ufetubus (D:6)
  A worm (D:5)
  2 dart slugs (D:1)
  21 orcs
  6 ball pythons
  3 bats (D:3)
  5 endoplasms
  4 giant cockroaches
  7 goblins
  6 hobgoblins
  11 jackals
  3 quokkas
  2 frilled lizards
  7 kobolds
  2 rats
162 creatures vanquished.

Vanquished Creatures (others)
  609 foxfires
  2 plants (D:2)
611 creatures vanquished.

Grand Total: 773 creatures vanquished

Notes
Turn   | Place    | Note
-------+----------+-------------------------------------------
     0 | D:1      | muata the Djinni Fire Elementalist began the quest for the
                  | Orb.
     0 | D:1      | Reached XP level 1. HP: 15/15 MP: 0/0
   371 | D:1      | Reached XP level 2. HP: 18/21 MP: 0/0
   572 | D:1      | Upgraded the game from 0.27-a0-819-g058290f16d to
                  | 0.27-a0-836-gfc908b8576
   879 | D:1      | Found Jefeures's Antique Weapon Shop.
   886 | D:1      | Reached XP level 3. HP: 22/25 MP: 0/0
   886 | D:1      | Learned a level 1 spell: Corona
  1344 | D:2      | Identified the Handbook of the Evil Frostbite
  2418 | D:3      | Reached XP level 4. HP: 31/31 MP: 0/0
  2752 | D:3      | Found a runed translucent door.
  2763 | D:3      | Noticed a bullfrog
  2767 | D:3      | Noticed leviel's ghost (amateur GrFi)
  3070 | D:4      | Noticed a necrophage
  3075 | D:4      | Killed a necrophage
  3076 | D:4      | Reached skill level 5 in Spellcasting
  3076 | D:4      | Reached XP level 5. HP: 35/35 MP: 0/0
  3076 | D:4      | Learned a level 2 spell: Ensorcelled Hibernation
  3110 | D:4      | Reached XP level 6. HP: 40/40 MP: 0/0
  3110 | D:4      | Upgraded the game from 0.27-a0-836-gfc908b8576 to
                  | 0.27-a0-860-gaf99fae3ca
  3551 | D:4      | Noticed Menkaure
  3558 | D:4      | Killed Menkaure
  3559 | D:4      | Reached XP level 7. HP: 45/45 MP: 0/0
  3559 | D:4      | Learned a level 3 spell: Ignite Poison
  3820 | D:4      | Noticed Eustachio
  3825 | D:4      | Killed Eustachio
  4153 | D:4      | Found a sparkling altar of Nemelex Xobeh.
  4209 | D:5      | Entered Level 5 of the Dungeon
  4429 | D:5      | Reached skill level 1 in Fighting
  4637 | D:5      | Reached skill level 2 in Fighting
  4748 | D:5      | Reached XP level 8. HP: 37/55 MP: 0/0
  5021 | D:5      | Reached skill level 3 in Fighting
  5561 | D:6      | Reached skill level 5 in Dodging
  5565 | D:6      | Reached skill level 4 in Fighting
  5588 | D:6      | Found a staircase to the Ecumenical Temple.
  5659 | D:6      | Noticed Grinder
  5667 | D:6      | Killed Grinder
  5872 | D:6      | Reached skill level 5 in Fighting
  6028 | D:6      | Reached XP level 9. HP: 65/65 MP: 0/0
  6028 | D:6      | Learned a level 3 spell: Static Discharge
  6028 | D:6      | Upgraded the game from 0.27-a0-860-gaf99fae3ca to
                  | 0.27-a0-869-g165b36e3f0
  6811 | D:7      | HP: 3/66 [wight/+3 great sword (10)]
  7273 | D:7      | Found a runed translucent door.
  7274 | D:7      | Noticed Crazy Yiuf
  7295 | D:7      | Killed Crazy Yiuf
  7650 | D:8      | Reached skill level 6 in Fighting
  7660 | D:8      | Reached skill level 7 in Fighting
  7867 | D:8      | Reached skill level 8 in Fighting
  7898 | D:8      | Noticed a two-headed ogre
  7912 | D:8      | Killed a two-headed ogre
  7913 | D:8      | Reached skill level 9 in Fighting
  7913 | D:8      | Reached XP level 10. HP: 36/78 MP: 0/0
  8040 | D:8      | Reached skill level 10 in Fighting
  8125 | D:8      | Identified the +1 plate armour of Light {rPois rC+++ MP-9
                  | Int+4}
  8528 | D:9      | Noticed a two-headed ogre
  8528 | D:9      | Noticed a two-headed ogre
  8781 | D:9      | Found a staircase to the Orcish Mines.
  8807 | D:9      | HP: 4/81 [centaur/arrow (9)]
  8808 | D:9      | HP: 1/81 [centaur/arrow (4)]
  8809 | D:9      | Killed from afar by an orc priest

Illustrated notes

Levels and vault maps discovered:
D:1:      sevenhm_arrival_forest_fort_small_3, layout_basic, serial_shops, shop
D:2:      layout_basic, serial_forest, infiniplex_forest_end_2,
          infiniplex_forest_straight_4, infiniplex_forest_clump_medium,
          infiniplex_forest_corner_1, infiniplex_forest_lined_corner,
          infiniplex_forest_clump_small, infiniplex_forest_pool,
          infiniplex_forest_straight_4, infiniplex_forest_clump_double,
          infiniplex_forest_fountain
D:3:      layout_basic, ebering_ghost_sewer_d
D:4:      layout_layer_cave, kennysheep_little_box, uniq_menkaure,
          uniq_eustachio
D:5:      layout_basic, minmay_door_square
D:6:      layout_basic, minmay_temple_entry_junction_2, uniq_grinder
D:7:      layout_loops_ring, chequers_serial_rivers_micro_d,
          uniq_crazy_yiuf_cottage
D:8:      layout_layer_cave
D:9:      layout_basic, david_orc_3, minivault_16,
          amcnicky_mini_rare_corridor_liquid, serial_bayou_pond_e,
          dk_noncrumbling_2

Skill      XL: |  1  2  3  4  5  6  7  8  9 10 |
---------------+-------------------------------+-----
Spellcasting   | 3 4 5 6 7 |  7.1
Fighting       | 2 5 9 10 | 10.9
Dodging        | 3 6 8 |  8.4
Stealth        | |  1.5

Action                   |  1- 3 |  4- 6 |  7- 9 | 10-12 || total
-------------------------+-------+-------+-------+-------++-------
Melee: Dagger            |    15 |     7 |    58 |    22 ||   102
Throw: Dart              |       |       |     2 |       ||     2
 Cast: Foxfire           |    56 |    52 |   221 |    55 ||   384
       Conjure Flame     |       |     1 |    18 |     5 ||    24
       Ignite Poison     |       |       |     1 |       ||     1
       Static Discharge  |       |       |     1 |       ||     1
  Use: Scroll            |       |       |    14 |     1 ||    15
       Potion            |       |       |     1 |     2 ||     3
Armor: Robe              |     3 |     4 |    18 |     9 ||    34
Dodge: Dodged            |    35 |     3 |   118 |    60 ||   216

Table legend: (Time is in decaauts)
 A = Elapsed time spent in this place.
 B = Non-inter-level travel time spent in this place.
 C = Inter-level travel time spent in this place.
 D = Time resting spent in this place.
 E = Time spent auto-exploring this place.
 F = Levels seen in this place.
 G = Mean time per level.
                   A        B        C        D        E       F      G
               +--------+--------+--------+--------+--------+-----+--------+
         Total |   8812 |   8153 |    659 |    364 |   5366 |   9 |  979.1 |
       Dungeon |   8812 |   8153 |    659 |    364 |   5366 |   9 |  979.1 |
               +--------+--------+--------+--------+--------+-----+--------+

Top non-repeatable levels by time:
     D:5: 1277 daAuts
     D:4: 1242 daAuts
     D:7: 1182 daAuts
     D:1: 1162 daAuts
     D:2: 1106 daAuts
     D:6: 1000 daAuts
     D:8: 907 daAuts
     D:3: 717 daAuts
     D:9: 215 daAuts
